 Dungeon Crawl Stone Soup version 0.28.0-43-g3370ac3207 (webtiles) character file.

Game seed: 9931670382224958860

23 Eitelfritz the Cudgeller (level 2, 0/25 HPs)
             Began as a Minotaur Gladiator on Mar 15, 2022.
             Succumbed to an adder's poison
             ... on level 2 of the Dungeon.
             The game lasted 00:01:32 (844 turns).

Eitelfritz the Cudgeller (Minotaur Gladiator)        Turns: 844, Time: 00:01:33

Health: 0/25       AC:  5    Str: 18    XL:     2   Next: 72%
Magic:  1/1        EV: 12    Int:  5    God:
Gold:   25         SH:  0    Dex: 11    Spells: 1/1 levels left

rFire   . . .      SeeInvis .   a - +0 flail
rCold   . . .      Faith    .   (no shield)
rNeg    . . .      Spirit   .   b - +0 leather armour
rPois   .          Reflect  .   c - +0 hat
rElec   .          Harm     .   h - +1 cloak
rCorr   .          Rampage  .   (no gloves)
Will    .....                   (no boots)
Stlth   +.........              (no amulet)
HPRegen 0.08/turn               (no ring)
MPRegen 0.07/turn               (no ring)

@: lethally poisoned (0 -> -2)
A: horns 2, retaliatory headbutt
a: no special abilities


You were on level 2 of the Dungeon.
You visited 1 branch of the dungeon, and saw 2 of its levels.

You collected 25 gold pieces.

Inventory:

Hand Weapons
 a - a +0 flail (weapon)
Missiles
 d - 3 throwing nets (quivered)
Armour
 b - a +0 leather armour (worn)
 c - a +0 hat (worn)
 h - a +1 cloak (worn)
Scrolls
 e - a scroll of identify {unknown}
 f - a scroll of amnesia {unknown}
 i - a scroll of magic mapping {unknown}
Potions
 g - 2 potions of heal wounds {unknown}
 j - 2 potions of cancellation {unknown}


   Skills:
 + Level 2.5 Fighting
 + Level 4.1 Maces & Flails
 + Level 2.0 Throwing
 + Level 0.1 Armour
 + Level 4.0 Dodging


You had one spell level left.
You didn't know any spells.
Your spell library was empty.

Dungeon Overview and Level Annotations

Branches:
Dungeon (2/15)

Altars:

Shops:
D:1 [*

Annotations:
D:2 Terence


Innate Abilities, Weirdness & Mutations

You have a pair of horns on your head.
You reflexively headbutt those who attack you in melee.


Message History

The ball python bites you but does no damage.
The ball python grabs you. The ball python constricts you.
You closely miss the ball python. Your headbutt misses the ball python.
The ball python bites you but does no damage.
The ball python constricts you.
You hit the ball python.
You kill the ball python!
Your Dodging skill increases to level 4!
A ball python comes into view.
The hobgoblin completely misses you. You furiously retaliate!
You headbutt the hobgoblin, but do no damage.
Terence the Incautious comes into view.
He is wielding a +0 short sword.
You closely miss the adder.
Terence shouts!
The adder misses you. The hobgoblin closely misses you.
The adder closely misses you.
You barely miss the adder. The hobgoblin barely misses you.
An endoplasm comes into view.
The adder bites you. The hobgoblin hits you.
You closely miss the adder.
The endoplasm quivers.
You headbutt the adder.
The adder is lightly wounded.
The adder bites you.
Terence bares his teeth.
The hobgoblin hits you. The adder bites you.
You are poisoned.
The adder poisons you!
You feel sick.
You feel sick. The ball python barely misses you.
The ball python closely misses you.
You feel sick. The endoplasm freezes you.
You are frozen.
* * * LOW HITPOINT WARNING * * *
The adder barely misses you.
* * * LOW HITPOINT WARNING * * *
You feel sick.
The endoplasm hits you but does no damage.
You die...

.... ### ...... ....
....... .....
.......########.....
#....>...#..........
##.........."..#.....
.......<.g...<.......
.........SS.@........
..........J......#...
........@......### .
..............##
........>######
........## ....##<.#
... #..# .. #..#


You could see Terence, an adder, an endoplasm, a hobgoblin and a ball python.

Vanquished Creatures
  An endoplasm (D:1)
  6 goblins (D:1)
  3 hobgoblins (D:1)
  2 jackals (D:1)
  A quokka (D:1)
  2 ball pythons (D:2)
  2 frilled lizards (D:1)
  A kobold (D:1)
  2 rats (D:1)
20 creatures vanquished.

Vanquished Creatures (others)
  A plant (D:1)
1 creature vanquished.

Grand Total: 21 creatures vanquished

Notes
Turn   | Place    | Note
-------+----------+-------------------------------------------
     0 | D:1      | Eitelfritz the Minotaur Gladiator began the quest for the
                  | Orb.
     0 | D:1      | Reached XP level 1. HP: 18/18 MP: 0/0
   195 | D:1      | Reached XP level 2. HP: 25/25 MP: 1/1
   258 | D:1      | Found a faded altar of an unknown god.
   259 | D:1      | Noticed a great orb of eyes
   264 | D:1      | Noticed a great orb of eyes
   269 | D:1      | Noticed a great orb of eyes
   270 | D:1      | Noticed a golden eye
   498 | D:1      | Found Itipi's Antique Armour Shop.
   704 | D:1      | Found Hulyris's Assorted Antiques.
   836 | D:2      | Noticed Terence
   843 | D:2      | HP: 1/25 [poisoned by an adder]
   844 | D:2      | Succumbed to an adder's poison

Illustrated notes

Levels and vault maps discovered:
D:1:      zelgadis_glass_arrival_small, layout_rooms, serial_shops,
          nicolae_shop_overgrown_old_shop, shop,
          hellmonk_ecumenical_altar_watching_god, serial_forest,
          infiniplex_forest_lined_2, infiniplex_forest_lined_4_way,
          infiniplex_forest_clump_double, infiniplex_forest_lined_1,
          infiniplex_forest_lined_3, infiniplex_forest_end_2,
          infiniplex_forest_3_way, infiniplex_forest_straight_4
D:2:      layout_rooms, minmay_crystal_water, uniq_terence,
          uniq_crazy_yiuf_cottage

Skill      XL: |  1  2 |
---------------+-------+-----
Maces & Flails | 4 |  4.1
Dodging        | 4 |  4.0
Fighting       | |  2.5
Throwing       | |  2.0
Armour         | |  0.1

Action                   || total
-------------------------++-------
Melee: Flail             ||    34
       Headbutt          ||     4
Armor: Leather armour    ||     8
Dodge: Dodged            ||    24
